 Dungeon Crawl Stone Soup version 0.29.1 (webtiles) character file.

Game seed: 10775630929484601449

35 masschaos23 the Sneak (level 3, -1/24 HPs)
             Began as an Octopode Brigand on Sept 13, 2022.
             Slain by a gnoll
             ... wielding a +0 halberd
              (10 damage)
             ... on level 2 of the Dungeon.
             The game lasted 00:02:55 (1044 turns).

masschaos23 the Sneak (Octopode Brigand)            Turns: 1044, Time: 00:02:55

Health: -1/24      AC:  1    Str: 10    XL:     3   Next: 35%
Magic:  3/3        EV: 12    Int: 13    God:
Gold:   91         SH:  0    Dex: 15    Spells: 2/2 levels left

rFire   . . .      SeeInvis .   a - +2 dagger
rCold   . . .      Faith    .   (no shield)
rNeg    . . .      Spirit   .   (helmet restricted)
rPois   .          Reflect  .   (no amulet)
rElec   .          Harm     .   (no ring)
rCorr   .          Rampage  .   (no ring)
Will    .....                   (no ring)
Stlth   ++++......              (no ring)
HPRegen 0.08/turn               (no ring)
MPRegen 0.08/turn               (no ring)
                                (no ring)
                                (no ring)

@: no status effects
A: almost no armour, amphibious, 8 rings, camouflage 1, gelatinous body 1,
(nimble swimmer 1), tentacles
a: no special abilities


You were on level 2 of the Dungeon.
You visited 1 branch of the dungeon, and saw 2 of its levels.

You collected 91 gold pieces.

Inventory:

Hand Weapons
 a - a +2 dagger (weapon)
Missiles
 b - 5 poisoned darts (quivered)
 c - 3 curare-tipped darts
 o - 6 atropa-tipped darts
Armour
 j - the +3 leather armour of Experimentation {rC+ MP+9 Dex+4}
   (You found it on level 2 of the Dungeon)

   Dex:       It affects your dexterity (+4).
   rC:        It protects you from cold.
   MP:        It affects your magic capacity (+9).
Jewellery
 g - a ring of protection from fire
Scrolls
 d - 3 scrolls of magic mapping
 e - a scroll of teleportation
 f - a scroll of identify
 l - a scroll of amnesia {unknown}
 n - a scroll of immolation {unknown}
Potions
 h - a potion of magic
 i - a potion of curing
 k - 2 potions of haste {unknown}
 m - a potion of berserk rage {unknown}
 p - a potion of flight {unknown}


   Skills:
 + Level 2.1 Fighting
 + Level 2.2 Short Blades
 + Level 2.1 Throwing
 + Level 1.0 Dodging
 + Level 6.6 Stealth


You had 2 spell levels left.
You didn't know any spells.
Your spell library contained the following spells:

 Spells                   Type           Power      Damage    Failure   Level
 Apportation              Tloc           0%         N/A       30%         1
 Necrotise                Necr           0%         1d4       30%         1
 Summon Small Mammal      Summ           0%         N/A       30%         1
 Static Discharge         Conj/Air       0%         3-3/arc   43%         2
 Dispel Undead            Necr           0%         3d6       97%         4
 Sticky Flame             Conj/Fire      0%         2d3       97%         4


Dungeon Overview and Level Annotations

Branches:
Dungeon (2/15)

Altars:


Innate Abilities, Weirdness & Mutations

You cannot wear most types of armour.
You are amphibious.
You can wear up to eight rings at the same time.
Your skin changes colour to match your surroundings (Stealth+).
Your rubbery body absorbs attacks. (AC +1, EV +1)
((You are camouflaged when in or above water. (Stealth+)))
You have tentacles for arms and can constrict up to eight enemies at once.


Message History

Throw: 9 darts (poison)
Press: ? - help, Q - select action, (/) - cycle Shift-Dir - straight line, f - gnoll
Aim: a gnoll, wielding a +0 halberd (asleep, 98% to hit)
You throw a poisoned dart. The poisoned dart hits the gnoll.
The gnoll is poisoned.
The gnoll shouts!
A bat comes into view.
A gnoll comes into view. It is wielding a +0 whip.
The bat moves out of view.
Throw: 8 darts (poison)
Press: ? - help, Q - select action, (/) - cycle Shift-Dir - straight line, f - gnoll, p - gnoll
Aim: a gnoll, wielding a +0 whip (wandering, hasn't noticed you, 64% to hit)
You throw a poisoned dart. The poisoned dart hits the gnoll.
The gnoll looks even sicker.
The gnoll is lightly wounded.
The gnoll shouts!
A gnoll comes into view. It is wielding a +0 spear. x2
Throw: 7 darts (poison)
Press: ? - help, Q - select action, (/) - cycle Shift-Dir - straight line, f - gnoll
Aim: a gnoll, wielding a +0 spear (wandering, hasn't noticed you, 64% to hit)
You throw a poisoned dart.
The poisoned dart barely misses the gnoll.
The gnoll shouts! x2
Throw: 6 darts (poison)
Press: ? - help, Q - select action, (/) - cycle Shift-Dir - straight line, f/p - gnoll
Aim: a gnoll, wielding a +0 spear (64% to hit)
You throw a poisoned dart.
The poisoned dart barely misses the gnoll.
The bat hits you.
You hit the bat.
You kill the bat!
A hobgoblin comes into view.
Found 16 gold pieces.
You see here a bat corpse.
The gnoll hits you with a +0 halberd!
Ouch! That really hurt!
You hit the gnoll. Your grab misses the gnoll.
The gnoll is almost dead.
The gnoll hits you with a +0 halberd!
You die...

..... ..g.. ## ...((. .#
...... .#
###########.g.... .#
#........#.......
.########........#.......
................@gg......
(########........#.......
.# #.....†..#....... ##
#........#.......
###............$.
#.######...$... #.#
....... #.# ....... #.#


You could see 3 gnolls.

Vanquished Creatures
  A worm (D:2)
  A dart slug (D:2)
  5 bats
  3 endoplasms (D:1)
  2 giant cockroaches
  5 goblins
  A hobgoblin (D:2)
  2 quokkas (D:1)
  2 ball pythons
  A frilled lizard (D:1)
  2 kobolds (D:1)
  5 rats
30 creatures vanquished.

Notes
Turn   | Place    | Note
-------+----------+-------------------------------------------
     0 | D:1      | masschaos23 the Octopode Brigand began the quest for the
                  | Orb.
     0 | D:1      | Reached XP level 1. HP: 14/14 MP: 1/1
   200 | D:1      | Reached XP level 2. HP: 19/19 MP: 2/2
   264 | D:1      | Reached skill level 6 in Stealth
   334 | D:1      | Found a faded altar of an unknown god.
   838 | D:2      | Identified the +3 leather armour of Experimentation {rC+
                  | MP+9 Dex+4}
   871 | D:2      | Reached XP level 3. HP: 24/24 MP: 3/3
  1044 | D:2      | Slain by a gnoll

Illustrated notes

Levels and vault maps discovered:
D:1:      minmay_arrival_glassed_features, layout_rooms,
          shapermc_ecumenical_altar_starsandcircs, minmay_hedge_maze
D:2:      layout_basic, hangedman_abyss_or_decor_stabs

Skill      XL: |  1  2 |
---------------+-------+-----
Stealth        | 6 |  6.6
Fighting       | |  2.1
Short Blades   | |  2.2
Throwing       | |  2.1
Dodging        | |  1.0

Action                   || total
-------------------------++-------
Melee: Dagger            ||    45
       Constrict         ||     9
       Tentacles         ||     8
Throw: Dart              ||     9
  Use: Scroll            ||     4
 Stab: Sleeping          ||    13
Dodge: Dodged            ||    11
